woodfighter, chaotic female orcish Cavewoman --------- |....*>.| |.......| ##........| # -|------- ### # # # # ### # # @ ### X# # ---.-------# ----.------- |.........2# |..........| |*....)...| |..........| |....`.... |..........| --- |........... ---.<....--- -------- woodfighter the Cave Woman Experience level: 11 Strength: 18/12 Dexterity: 18 Constitution: 18 Intelligence: 12 Wisdom: 8 Charisma: 7 Health: 0(102) Energy: 38(38) Def: 14 Gold: 491 Moves: 20228 Dungeon seed: s8PagUbbh-uHXmgc Game ID: woodfighter_1488648440 Your Inventory: Coins $ - 491 gold pieces Amulets w - an uncursed amulet of reflection (being worn) Weapons a - a +1 club (weapon in hand) R - 5 +0 dwarvish spears (in quiver) Armor f - an uncursed +0 dwarvish mithril-coat (being worn) N - an uncursed +0 cloak of magic resistance (being worn) O - an uncursed +0 helmet (being worn) U - an uncursed thoroughly rusty +0 pair of kicking boots (being worn) Y - an uncursed +0 elven shield (being worn) Comestibles d - 5 uncursed food rations h - an uncursed sprig of wolfsbane l - an uncursed clove of garlic I - an uncursed carrot Z - an uncursed partly eaten lizard corpse Scrolls B - an uncursed scroll of identify Potions S - an uncursed potion of invisibility Rings b - an uncursed ring of see invisible (on right hand) V - an uncursed ring of warning (on left hand) Wands p - a wand of digging (0:2) J - a wand of teleportation (0:3) Tools q - a +0 unicorn horn y - an uncursed skeleton key E - a +0 pick-axe K - a can of grease (0:10) W - an uncursed towel Gems n - an uncursed luckstone Spells and supernatural/magical abilities: Name Level Category Fail Memory W - pray for help -- divine ? -- Your skills at the end: Miscellaneous Skills bare handed combat [Basic] shield [Basic] stealth [Skilled] Weapon Skills scimitar [Basic] club [Expert] sling [Basic] Spellcasting Skills Final Attributes: You were piously aligned. You were fire resistant. You were cold resistant. You were sleep resistant. You were poison resistant. You were magic-protected. You saw invisible. You were telepathic. You were warned. You had infravision. You were stealthy. You were protected. You had reflection. You were lucky. You had extra luck. Bad luck did not time out for you. Good luck did not time out for you. You are dead. Vanquished creatures: a nurse a frost giant a ghost a winged gargoyle 2 giant mimics a large mimic a stalker 2 air elementals a vrock a winter wolf a quantum mechanic 3 small mimics 2 warhorses a xan an ogre lord 2 sasquatches a pyrolisk a large cat 3 tigers a gargoyle a dwarf king 2 tengu a gelatinous cube a chameleon an elf mummy 4 Grey-elves a pit viper a python a wraith a leather golem a succubus a giant beetle 2 cockatrices 10 wolves 4 leprechauns 3 lizards a mountain nymph 3 giant spiders a scorpion 2 iron piercers 2 horses a vampire bat a forest centaur 4 gnome kings 2 orc mummies a dwarf mummy a brown pudding 3 Green-elves 2 owlbears a yeti a werewolf 2 piranhas 13 chickatrices a dingo 5 housecats 3 jaguars 4 dwarf lords 2 blue jellies a water nymph a white unicorn a dust vortex 2 ravens a plains centaur a gnome mummy 7 Woodland-elves 4 snakes 4 apes a human zombie 7 fire ants 4 yellow lights 10 bugbears 2 imps 3 wood nymphs 5 Mordor orcs 2 Uruk-hai an orc shaman 3 rock moles a rock piercer 2 ponies 3 fog clouds 3 violet fungi 24 gnome lords 7 gnomish wizards 3 kobold mummies a black naga hatchling a gray ooze 3 elf zombies a ghoul 2 straw golems 11 giant ants 8 floating eyes 3 kittens 23 dwarves 2 homunculi 5 kobold lords a kobold shaman 7 iguanas 8 hill orcs a rothe 2 centipedes 3 jitterbugs 2 monkeys 3 orc zombies 3 dwarf zombies a werejackal 19 killer bees 10 coyotes 2 gas spores 10 hobbits 3 acid blobs 9 large kobolds 7 geckos 9 hobgoblins 7 giant rats 6 cave spiders a brown mold 6 yellow molds 2 green molds 3 red molds 76 gnomes 2 garter snakes 10 manes a gnome zombie 11 jackals 2 foxes 4 kobolds 5 newts 4 goblins a sewer rat 8 grid bugs 6 bats 11 lichens 3 kobold zombies 551 creatures vanquished. Genocided species: rust monsters disenchanters 2 species genocided. Voluntary challenges: You did not cause conflict. You were not invisible. You were not displaced. You used a wielded weapon 1009 times, starting on turn 39. You did not use plumbed fixtures. You read items or engraved 5 times, starting on turn 1565. You genocided 2 types of monsters, starting on turn 12517. You never polymorphed an object. You never changed form. You completed Sokoban on turn 5515, according to the rules. You used no wishes. You never split a pudding. You never wrote Elbereth's name. You violated your moral code, losing 1 point of alignment, starting on turn 727. Dungeon overview: The Dungeons of Doom: levels 1 to 20 Level 1 a fountain a long staircase Level 2 an altar to Anu stairs to The Gnomish Mines Level 3 (locked box) an altar to Ishtar Level 4 (water) a fountain Level 5 some fountains Level 6 many fountains Level 7 stairs to Sokoban Level 8 Level 9 a sink Level 10 a general store, a fountain Level 11 Level 12 (vault) Level 13 (quest) Level 14 a general store, some fountains Level 15 (rogue) Level 16 some fountains Level 17 (vault) a fountain Level 18 (vault) Level 19 <- You were here Level 20 The Gnomish Mines: levels 3 to 11 Level 3 stairs to The Dungeons of Doom Level 4 Level 5 (giantslayer in shop) many shops, a temple to Anshar, a magic chest, some fountains, some trees Level 6 Level 7 Level 8 Level 9 Level 10 Level 11 a magic chest, a fountain Sokoban: levels 3 to 6 Level 3 a magic chest Level 4 Level 5 Level 6 an altar to Ishtar, a magic chest stairs to The Dungeons of Doom History has recorded: On T:1 you entered the Dungeons of Doom to retrieve the Amulet of Yendor! On T:286 you reached level 2 of The Dungeons of Doom. On T:599 you advanced to experience level 2. On T:783 you reached level 3 of The Dungeons of Doom. On T:832 you reached level 1 of The Gnomish Mines. On T:896 you advanced to experience level 3. On T:1330 you advanced to experience level 4. On T:1413 you reached level 4 of The Dungeons of Doom. On T:1839 you advanced to experience level 5. On T:2037 you reached level 5 of The Dungeons of Doom. On T:2176 you reached level 6 of The Dungeons of Doom. On T:2674 you reached level 7 of The Dungeons of Doom. On T:2833 you reached level 4 of Sokoban. On T:2984 you reached level 8 of The Dungeons of Doom. On T:3046 you advanced to experience level 6. On T:3327 you opened a magic chest. On T:3557 you reached level 3 of Sokoban. On T:3849 you reached level 2 of Sokoban. On T:4545 you reached level 1 of Sokoban. On T:4713 you advanced to experience level 7. On T:5515 you advanced to experience level 8. On T:5515 you entered the Sokoban zoo. On T:6851 you reached level 2 of The Gnomish Mines. On T:6870 you reached level 3 of The Gnomish Mines. On T:7038 you entered the Minetown temple On T:7357 you reached level 4 of The Gnomish Mines. On T:7965 you reached level 5 of The Gnomish Mines. On T:8374 you advanced to experience level 9. On T:8873 you reached level 6 of The Gnomish Mines. On T:8897 you prayed to Anshar. On T:9340 you reached level 7 of The Gnomish Mines. On T:9747 you prayed to Anshar. On T:9807 you reached level 8 of The Gnomish Mines. On T:10022 you reached level 9 of The Gnomish Mines. On T:10022 you reached the bottom of the Mines. On T:11246 you advanced to experience level 10. On T:12379 you reached level 9 of The Dungeons of Doom. On T:13013 you reached level 10 of The Dungeons of Doom. On T:13105 you reached level 11 of The Dungeons of Doom. On T:13348 you reached level 12 of The Dungeons of Doom. On T:13892 you reached level 13 of The Dungeons of Doom. On T:16167 you reached level 14 of The Dungeons of Doom. On T:16625 you reached level 15 of The Dungeons of Doom. On T:16625 you entered the Rogue tribute level. On T:17017 you advanced to experience level 11. On T:17368 you reached level 16 of The Dungeons of Doom. On T:17602 you reached level 17 of The Dungeons of Doom. On T:17993 you reached level 18 of The Dungeons of Doom. On T:19507 you reached level 19 of The Dungeons of Doom. On T:19517 you reached level 20 of The Dungeons of Doom. Score breakdown: Gold: 491 ( 49 points) Experience: 11 levels ( 1000 points) Exploration: 20 levels ( 570 points) Discoveries: 42 items ( 2000 points) Variety of kills: 133 monsters ( 2000 points) Major goal: Sokoban/Mines ( 1500 points) Survival: died (score multiplied by 3) Total score: 21357 Latest messages: The Elvenking hurls a potion of paralysis! The vial crashes on your head and breaks into shards. Something seems to be holding you. The Elvenking wields a runed broadsword! The Elvenking swings his runed broadsword at the cavewoman. The Elvenking slashes you! The Elvenking swings his runed broadsword at the cavewoman. The Elvenking hacks you! The Elvenking swings his runed broadsword at the cavewoman. The Elvenking slashes you! The Elvenking swings his runed broadsword at the cavewoman. The Elvenking hacks you! The Elvenking swings his runed broadsword at the cavewoman. The Elvenking hacks you! The Elvenking swings his runed broadsword at the cavewoman. The Elvenking slashes you! The Elvenking swings his runed broadsword at the cavewoman. The Elvenking hacks you! You can move again. You see here a statue of a black light. The Elvenking throws a runed dagger! You are almost hit by a runed dagger. The xorn claws you! (3x) The xorn bites! The xorn claws you! (3x) The xorn bites! You die... Final status: Goodbye woodfighter the Cavewoman, killed by a xorn... You died in The Dungeons of Doom on dungeon level 19 with 21357 points, and 491 pieces of gold, after 20228 moves. You were level 11 with a maximum of 102 hit points when you died.